 Dungeon Crawl Stone Soup version 0.25-a0-860-gf695395 (webtiles) character file.

Game seed: 3735076789413091597, levelgen mode: deterministic

47 BlueFish the Insei (level 3, -1/23 HPs)
             Began as an Octopode Transmuter on Apr 29, 2020.
             Slain by a sky beast (4 damage)
             ... on level 3 of the Dungeon.
             The game lasted 00:06:04 (1019 turns).

BlueFish the Insei (Octopode Transmuter)            Turns: 1019, Time: 00:06:05

Health: -1/23      AC:  1    Str:  9    XL:     3   Next: 70%
Magic:  0/6        EV: 13    Int: 15    God:
Gold:   68         SH:  0    Dex: 13    Spells: 5/6 levels left

rFire    . . .     SeeInvis .     - Unarmed
rCold    . . .     Gourm    .   (no shield)
rNeg     . . .     Faith    .   (helmet restricted)
rPois    .         Spirit   +   k - amulet of guardian spirit
rElec    .         Reflect  .   j - ring of attention (curse)
rCorr    .         Harm     .   (no ring)
MR       .....                  (no ring)
Stlth    ++........             (no ring)
HPRegen  0.07/turn              (no ring)
MPRegen  0.10/turn              (no ring)
                                (no ring)
                                (no ring)

@: appendage (expiring)
A: almost no armour, stealthy swim, amphibious, 8 rings, constrict 8, tentacle
spike 3, camouflage 1, gelatinous body 1
a: End Transformation


You were on level 3 of the Dungeon.
You were not hungry.
One of your tentacles had a temporary spike.
You visited 1 branch of the dungeon, and saw 3 of its levels.

You collected 68 gold pieces.

Inventory:

Missiles
 a - 48 arrows
Jewellery
 j - a cursed ring of attention (left tentacle)
 k - an amulet of guardian spirit (around mantle)
Scrolls
 b - a scroll of identify {unknown}
 d - 2 scrolls of enchant weapon {unknown}
 h - a scroll of remove curse {unknown}
 i - a scroll of noise {unknown}
Potions
 e - a potion of degeneration {unknown}
 f - a potion of berserk rage {unknown}
 g - a potion of haste {unknown}
 l - a potion of brilliance {unknown}
Comestibles
 c - a ration
 m - 2 chunks of flesh


   Skills:
 + Level 1.0 Fighting
 * Level 2.2 Dodging
 * Level 1.3 Stealth
 * Level 4.1 Unarmed Combat
 + Level 2.0 Spellcasting
 * Level 2.2 Transmutations


You had 5 spell levels left.
You knew the following spells:

 Your Spells              Type           Power        Failure   Level  Hunger
a - Beastly Appendage     Tmut           #.....       9%          1    #......

Your spell library contained the following spells:

 Spells                   Type           Power        Failure   Level  Hunger
 Sticks to Snakes         Tmut           #.......     14%         2    ###....
 Spider Form              Tmut/Pois      #.........   38%         3    ###....
 Ice Form                 Ice/Tmut       #.......     80%         4    #####..
 Blade Hands              Tmut           #.........   94%         5    ######.


Dungeon Overview and Level Annotations

Branches:
Dungeon (3/15)

Altars:


Innate Abilities, Weirdness & Mutations

You cannot wear most types of armour.
You are very stealthy in the water. (Stealth+)
You are amphibious.
You can wear up to eight rings at the same time.
You can use your tentacles to constrict eight enemies at once.
Your skin changes colour to match your surroundings (Stealth+).
Your rubbery body absorbs attacks. (AC +1, EV +1)
One of your tentacles bears a large vicious spike.


Message History

You tentacle-slap the sky beast but do no damage.
Your tentacle spike misses the sky beast.
Your squeeze misses the sky beast. The sky beast closely misses you.
You tentacle-slap the sky beast but do no damage.
The sky beast misses you.
You tentacle-slap the sky beast.
The sky beast is lightly wounded.
The sky beast hits you. The sky beast shocks you.
* * * LOW HITPOINT WARNING * * *
You closely miss the sky beast.
You pierce the sky beast.
The sky beast is lightly wounded.
Your transformation is almost over.
You miss the sky beast.
The sky beast is lightly wounded.
The sky beast flickers out of sight!
Deactivating autopickup; reactivate with Ctrl-A.
Something hits you.
* * * LOW HITPOINT WARNING * * *
Something shocks you.
You die...

# ### ###
#.###.#####.#
#...........#
#.##.@#####.##########
#.{#...............
#.#.#.####.#########
#...#.#....#......# #
#.#.#.####.###.##
..#..........#.###
#.#.#....#.#.#....
#.######.#.#.#..#.
#........#.#..#.


There were no monsters in sight!

Vanquished Creatures
  2 adders (D:2)
  3 dart slugs (D:2)
  A leopard gecko (D:2)
  A giant cockroach (D:3)
  2 goblins
  2 hobgoblins (D:1)
  2 jackals (D:2)
  3 bats
  A kobold (D:3)
  8 rats
25 creatures vanquished.

Notes
Turn   | Place    | Note
-------+----------+-------------------------------------------
     0 | D:1      | BlueFish the Octopode Transmuter began the quest for the
                  | Orb.
     0 | D:1      | Reached XP level 1. HP: 13/13 MP: 3/3
   282 | D:1      | Reached XP level 2. HP: 16/18 MP: 5/5
   524 | D:1      | You fall into a shaft and drop 1 floor!
   567 | D:2      | Reached skill level 1 in Stealth
   580 | D:2      | Reached XP level 3. HP: 23/23 MP: 6/6
   743 | D:2      | Reached skill level 4 in Unarmed Combat
  1008 | D:3      | Noticed a sky beast
  1019 | D:3      | Slain by a sky beast

Levels and vault maps discovered:
D:1:      elethiomel_arrival_infinity_welcomes_careful_drivers, layout_basic
D:2:      layout_rooms
D:3:      layout_basic, old_standard_altar, first_ration

Skill      XL: |  1  2  3 |
---------------+----------+-----
Stealth        | 1 |  1.3
Unarmed Combat | 4 |  4.1
Fighting       | |  1.0
Dodging        | |  2.2
Spellcasting   | |  2.0
Transmutations | |  2.2

Action                   || total
-------------------------++-------
Melee: Unarmed           ||    72
       Constrict         ||    17
       Kick              ||     5
       Tentacles         ||     8
 Cast: Beastly Appendage ||     3
  Use: Scroll            ||     1
 Stab: Sleeping          ||     8
Armor: Skin              ||     7
Dodge: Dodged            ||    50

Table legend:
 A = Non-vault XP
 B = Vault XP
 C = Vault XP percentage of total XP
 D = Non-vault monster count
 E = Vault monster count
 F = Vault count percentage of total count
                 A         B        C        D         E       F
            +---------+---------+-------+---------+---------+-------
      Total |      68 |       0 |   0.0 |      25 |       0 |   0.0
            +---------+---------+-------+---------+---------+-------
        D:1 |      13 |       0 |   0.0 |       9 |       0 |   0.0
        D:2 |      51 |       0 |   0.0 |      13 |       0 |   0.0
        D:3 |       4 |       0 |   0.0 |       3 |       0 |   0.0
            +---------+---------+-------+---------+---------+-------
